 Dungeon Crawl Stone Soup version 0.25-a0-308-geac7954 (webtiles) character file.

Game seed: 12979630580634137702, levelgen mode: deterministic

154 Coldstonesans the Gusty (level 5, 0/42 HPs)
             Began as a Tengu Air Elementalist on Dec 21, 2019.
             Slain by an adder (5 damage)
             ... on level 2 of the Dungeon.
             The game lasted 00:06:27 (2501 turns).

Coldstonesans the Gusty (Tengu Air Elementalist)    Turns: 2501, Time: 00:06:27

Health: 0/42       AC:  2    Str: 13 (14) XL:     5   Next: 35%
Magic:  0/10       EV: 12    Int: 13 (16) God:
Gold:   110        SH:  0    Dex: 12 (14) Spells: 3/9 levels left

rFire    . . .     SeeInvis .   (no weapon)
rCold    . . .     Gourm    .   (no shield)
rNeg     . . .     Faith    .   a - +0 robe
rPois    .         Spirit   .   (helmet restricted)
rElec    .         Reflect  .   (no cloak)
rCorr    .         Harm     .   (no gloves)
MR       .....                  (boots unavailable)
Stlth    ..........             (no amulet)
HPRegen  0.14/turn              (no ring)
MPRegen  0.12/turn              (no ring)

@: berserking, lethally poisoned (0 -> -5), very slightly contaminated, drained,
very quick
A: beak, talons 3, able to fly
a: Fly


You were on level 2 of the Dungeon.
You were not hungry.

You visited 1 branch of the dungeon, and saw 3 of its levels.

You collected 110 gold pieces.

Inventory:

Armour
 a - a +0 robe (worn)
Scrolls
 b - 3 scrolls of remove curse
 e - 3 scrolls of enchant weapon
 g - 3 scrolls of identify
 h - 2 scrolls of immolation {unknown}
Potions
 d - a potion of curing {unknown}
 i - a potion of agility {unknown}
 k - a potion of ambrosia {unknown}
Comestibles
 j - 2 rations


   Skills:
 + Level 3.1(2.4) Dodging
 + Level 2.8(2.1) Stealth
 + Level 2.8(2.1) Spellcasting
 + Level 2.7(2.0) Conjurations
 * Level 5.5(4.8) Air Magic


You had 3 spell levels left.
You knew the following spells:

 Your Spells              Type           Power        Failure   Level  Hunger
a - Shock                 Conj/Air       ##..         6%          1    ##.....
b - Static Discharge      Conj/Air       ##......     19%         3    ####...
c - Swiftness             Chrm/Air       #.......     14%         2    ###....

Your spell library contained the following spells:

 Spells                   Type           Power        Failure   Level  Hunger
 Airstrike                Air            ##........   34%         4    #####..
 Lightning Bolt           Conj/Air       ##........   86%         5    ######.


Dungeon Overview and Level Annotations

Branches:
Dungeon (3/15)

Altars:
Ashenzari


Innate Abilities, Weirdness & Mutations

You have a beak for a mouth.
You have claws for feet.
You can fly continuously.


Message History

There was something very wrong with that liquid.
You feel weakened.
You feel dopey.
You feel clumsy. The adder bites you.
* * * LOW HITPOINT WARNING * * *
The orc barely misses you.
As you read the scroll labeled NECSEB MUT, it crumbles to dust.
It is a scroll of identify.
e - 3 scrolls of enchant weapon
* * * LOW HITPOINT WARNING * * *
You feel sick. The adder barely misses you. The orc barely misses you.
It was a potion of berserk rage.
A red film seems to cover your vision as you go berserk!
You feel yourself moving faster!
You feel mighty! The adder bites you but does no damage.
The orc hits you with a +0 falchion of draining.
* * * LOW HITPOINT WARNING * * *
You feel drained.
* * * LOW HITPOINT WARNING * * *
The adder bites you.
You die...

................#
#........#
..##............#
#........#
................#
#........#
)...............#
##....#####
##..............# ###....##
#.......<.......####...#.##
......#..........#...##..#
.##...#..........o.#....##
.###.##.........@.......#
## #..#.........S.......# #
##.#.................# #
#...................# ###
#####...............#
..############..........#
#....>...# ####.#######
########.###### #.###
#......# #<..###


You could see an adder and an orc.

Vanquished Creatures
  A hound (D:3)
  An orc priest (D:3)
  2 adders
  2 oozes
  2 worms (D:2)
  A dart slug (D:1)
  2 leopard geckos (D:1)
  2 orcs (D:3)
  4 bats
  4 giant cockroaches
  6 hobgoblins
  3 jackals (D:1)
  A quokka (D:3)
  2 ball pythons
  5 frilled lizards
  3 goblins
  9 kobolds
  10 rats
60 creatures vanquished.

Notes
Turn   | Place    | Note
-------+----------+-------------------------------------------
     0 | D:1      | Coldstonesans the Tengu Air Elementalist began the quest
                  | for the Orb.
     0 | D:1      | Reached XP level 1. HP: 10/10 MP: 4/4
   181 | D:1      | Reached XP level 2. HP: 9/15 MP: 0/6
   658 | D:1      | Reached XP level 3. HP: 15/19 MP: 4/7
  1189 | D:1      | Learned a level 3 spell: Static Discharge
  1750 | D:2      | Reached skill level 5 in Air Magic
  1750 | D:2      | Reached XP level 4. HP: 24/24 MP: 3/8
  1823 | D:2      | Learned a level 2 spell: Swiftness
  2303 | D:3      | Gained mutation: You can fly continuously. [Tengu growth]
  2303 | D:3      | Reached XP level 5. HP: 26/28 MP: 2/9
  2351 | D:3      | Found a shattered altar of Ashenzari.
  2501 | D:2      | Slain by an adder

Levels and vault maps discovered:
D:1:      lightli_arrival_flooded_house, layout_loops_cross, minmay_misc_feat_x
D:2:      layout_rooms
D:3:      layout_rooms, first_ration, hangedman_abyss_or_decor_stabs,
          hangedman_feature_mirror, nicolae_ashenzari_panopticon

Skill      XL: |  1  2  3  4 |
---------------+-------------+-----
Conjurations   | 2 |  2.7
Air Magic      | 5 |  5.5
Dodging        | 3 |  3.1
Stealth        | |  2.8
Spellcasting   | |  2.8

Action                   |  1- 3 |  4- 6 || total
-------------------------+-------+-------++-------
Melee: Unarmed           |    40 |    14 ||    54
       Kick              |    11 |     5 ||    16
       Peck              |     4 |     3 ||     7
 Cast: Shock             |    74 |    38 ||   112
       Static Discharge  |     1 |     1 ||     2
  Use: Scroll            |     1 |     1 ||     2
       Potion            |       |     2 ||     2
 Stab: Sleeping          |     1 |       ||     1
  Eat: Ration            |     1 |       ||     1
       Chunk             |       |     3 ||     3
Armor: Robe              |    11 |     4 ||    15
Dodge: Dodged            |    31 |    18 ||    49

Table legend:
 A = Non-vault XP
 B = Vault XP
 C = Vault XP percentage of total XP
 D = Non-vault monster count
 E = Vault monster count
 F = Vault count percentage of total count
                 A         B        C        D         E       F
            +---------+---------+-------+---------+---------+-------
      Total |     220 |       0 |   0.0 |      60 |       0 |   0.0
            +---------+---------+-------+---------+---------+-------
        D:1 |      47 |       0 |   0.0 |      26 |       0 |   0.0
        D:2 |      60 |       0 |   0.0 |      24 |       0 |   0.0
        D:3 |     113 |       0 |   0.0 |      10 |       0 |   0.0
            +---------+---------+-------+---------+---------+-------
